 Dungeon Crawl Stone Soup version 0.28.0-53-g5a82cb258f (webtiles) character file.

Game seed: 13127710218064453718

55 Sin92 the Skirmisher (level 3, 0/29 HPs)
             Began as a Demonspawn Fighter on July 5, 2022.
             Slain by a kobold
             ... wielding a +0 whip
              (1 damage)
             ... on level 2 of the Dungeon.
             The game lasted 00:02:36 (1265 turns).

Sin92 the Skirmisher (Demonspawn Fighter)           Turns: 1265, Time: 00:02:36

Health: 0/29       AC:  7    Str: 17 (18) XL:     3   Next: 67%
Magic:  3/3        EV:  9    Int:  7 (9)  God:
Gold:   58         SH:  4    Dex: 11 (12) Spells: 2/2 levels left

rFire   . . .      SeeInvis .   a - +0 long sword
rCold   . . .      Faith    .   c - +0 buckler
rNeg    . . .      Spirit   .   b - +0 scale mail
rPois   .          Reflect  .   (no helmet)
rElec   .          Harm     .   (no cloak)
rCorr   .          Rampage  .   (no gloves)
Will    .....                   k - +0 pair of boots
Stlth   ..........              (no amulet)
HPRegen 0.09/turn               (no ring)
MPRegen 0.08/turn               (no ring)

@: attractive
A: weakness stinger 1, demonic touch 1
a: no special abilities


You were on level 2 of the Dungeon.
You visited 1 branch of the dungeon, and saw 2 of its levels.

You collected 58 gold pieces.

Inventory:

Hand Weapons
 a - a +0 long sword (weapon)
Armour
 b - a +0 scale mail (worn)
 c - a +0 buckler (worn)
 k - a +0 pair of boots (worn)
Jewellery
 f - a +6 ring of intelligence
Scrolls
 g - a scroll of enchant weapon {unknown}
 h - a scroll of summoning {unknown}
Potions
 d - a potion of might
 j - a potion of brilliance {unknown}


   Skills:
 + Level 3.2 Fighting
 * Level 2.6 Long Blades
 + Level 3.0 Armour
 + Level 0.8 Dodging
 + Level 3.0 Shields


You had 2 spell levels left.
You didn't know any spells.
Your spell library contained the following spells:

 Spells                   Type           Power      Damage    Failure   Level
 Freeze                   Ice            0%         1d3       90%         1
 Sting                    Tmut/Pois      0%         1d3       90%         1
 Poisonous Vapours        Pois/Air       0%         N/A       97%         2
 Frozen Ramparts          Ice            0%         1d2       99%         3
 Hailstorm                Conj/Ice       0%         3d3       100%        4
 Olgreb's Toxic Radiance  Pois           0%         N/A       100%        4


Dungeon Overview and Level Annotations

Branches:
Dungeon (2/15)

Altars:


Innate Abilities, Weirdness & Mutations

You have a small tail.
Your touch may inflict minor irresistible damage on your foes.


Message History

The adder is heavily wounded.
The adder bites you.
You are poisoned.
The adder poisons you! The adder bites you but does no damage.
You barely miss the adder.
The adder is heavily wounded.
You feel sick. The adder bites you but does no damage.
The adder barely misses you.
You barely miss the adder.
The adder is heavily wounded.
You feel sick. The adder bites you.
* * * LOW HITPOINT WARNING * * *
You hit the adder.
You kill the adder!
You feel sick. The bat completely misses you.
The bat hits you but does no damage.
Your Shields skill increases to level 3!
You closely miss the bat.
You feel sick.
You are no longer poisoned.
You block the bat's attack. The bat hits you but does no damage.
You hit the bat but do no damage. You block the bat's attack.
The bat barely misses you.
You hit the bat.
You kill the bat!
You block the ball python's attack. The ball python grabs you.
The ball python constricts you.
You slash the ball python!
You kill the ball python!
The frilled lizard bites you.
* * * LOW HITPOINT WARNING * * *
You slash the frilled lizard!
You kill the frilled lizard!
It was a potion of degeneration.
There was something very wrong with that liquid.
You feel weakened.
You feel dopey.
You feel clumsy. You block the kobold's attack.
It was a potion of attraction.
You feel attractive to monsters. The kobold hits you with a +0 whip.
You die...

#.... #..(.# .# #....#
.# #....# .# #....#
!##### #....#
#######.....#.
#....####...##w......#
#.......'...@Kg.......
#.....###...##........
#.#<#.# #...##..#####.
# ###.# ######g.#P.P#.
..# #K.#...#. ####
#..#.P.#.
........†#####.
...........l...
...............


You could see a worm, a goblin and a kobold.

Vanquished Creatures
  3 adders (D:2)
  2 dart slugs (D:1)
  An endoplasm (D:1)
  A giant cockroach (D:1)
  3 goblins (D:1)
  A hobgoblin (D:1)
  3 jackals (D:2)
  3 ball pythons
  4 bats
  2 frilled lizards
  A kobold (D:1)
  A rat (D:1)
25 creatures vanquished.

Notes
Turn   | Place    | Note
-------+----------+-------------------------------------------
     0 | D:1      | Sin92 the Demonspawn Fighter began the quest for the Orb.
     0 | D:1      | Reached XP level 1. HP: 18/18 MP: 1/1
    33 | D:1      | Found a faded altar of an unknown god.
   370 | D:1      | Discovered your monstrous ancestry.
   370 | D:1      | Gained mutation: Your touch may inflict minor irresistible
                  | damage on your foes. [demonic ancestry]
   370 | D:1      | Reached XP level 2. HP: 23/24 MP: 2/2
  1223 | D:2      | Gained mutation: You have a small tail. [demonic ancestry]
  1223 | D:2      | Reached XP level 3. HP: 18/29 MP: 3/3
  1262 | D:2      | HP: 1/29 [frilled lizard (3)]
  1265 | D:2      | Slain by a kobold

Illustrated notes

Levels and vault maps discovered:
D:1:      psy_arrival_whirlpool, layout_loops_corners,
          hellmonk_ecumenical_altar_heavens_door, minmay_misc_feat_doors,
          chequers_mini_garden
D:2:      layout_basic, serial_aquarium, aquarium_bridge_long_separate
          [aquarium_subvault_bridge, aquarium_subvault_wall,
          aquarium_subvault_bridge, aquarium_subvault_wall,
          aquarium_subvault_balcony, aquarium_subvault_bridge],
          aquarium_window_1, aquarium_window_corner, aquarium_window_fake,
          aquarium_view_2a, aquarium_view_2e, aquarium_balcony_3b,
          aquarium_pool_2

Skill      XL: |  1  2  3 |
---------------+----------+-----
Long Blades    | 2 |  2.6
Armour         | 3 |  3.0
Shields        | 3 |  3.0
Fighting       | |  3.2
Dodging        | |  0.8

Action                   || total
-------------------------++-------
Melee: Long sword        ||    78
       Tailslap          ||     2
  Use: Potion            ||     2
Armor: Scale mail        ||    63
Dodge: Dodged            ||    52
Block: Buckler           ||    33
